 Dungeon Crawl Stone Soup version 0.27.1 (webtiles) character file.

Game seed: 13839938166304177006

3303 fiver49 the Destroyer (level 10, -14/50 HPs)
             Began as a Tengu Conjurer on Aug 26, 2021.
             Was a Follower of Vehumet.
             Killed from afar by Maurice (25 damage)
             ... with a bolt of acid
             ... on level 8 of the Dungeon.
             The game lasted 00:24:53 (10706 turns).

fiver49 the Destroyer (Tengu Conjurer)             Turns: 10706, Time: 00:24:53

Health: -14/50     AC: -2    Str:  7    XL:     10   Next: 1%
Magic:  7/22       EV: 18    Int: 23    God:    Vehumet [*.....]
Gold:   455        SH:  4    Dex: 12    Spells: 16/23 levels left

rFire    . . .     SeeInvis .   z - +0 dagger (venom)
rCold    . . .     Faith    .   I - +0 buckler
rNeg     . . .     Spirit   .   a - +0 robe
rPois    .         Reflect  .   (helmet restricted)
rElec    .         Harm     .   (no cloak)
rCorr    .         Rampage  .   (no gloves)
Will     .....                  (boots unavailable)
Stlth    ++........             (no amulet)
HPRegen  0.16/turn              G - +4 ring of evasion
MPRegen  0.18/turn              (no ring)

@: corroded, flying quickly and evasively, quick
A: beak, talons 3, nimble flight
a: Renounce Religion


You were on level 8 of the Dungeon.
You worshipped Vehumet.
Vehumet was aware of your devotion.
You visited 2 branches of the dungeon, and saw 9 of its levels.
You also visited: Sewer.

You collected 455 gold pieces.

Inventory:

Hand Weapons
 f - a +0 dagger of pain
   (You took it off a goblin on level 2 of the Dungeon)
 z - a +0 dagger of venom (weapon)
   (You took it off an orc on level 4 of the Dungeon)
Missiles
 B - 16 poisoned darts (quivered)
Armour
 a - a +0 robe (worn)
 I - a +0 buckler (worn)
   (You took it off a gnoll sergeant on level 7 of the Dungeon)
Magical Staves
 k - a staff of fire
   (You found it on level 3 of the Dungeon)
Jewellery
 g - an amulet of guardian spirit
   (You found it on level 2 of the Dungeon)
 G - a +4 ring of evasion (left hand)
   (You found it on level 6 of the Dungeon)
Wands
 s - a wand of flame (49)
   (You found it on level 4 of the Dungeon)
 w - a wand of polymorph (19)
   (You found it on level 4 of the Dungeon)
 y - a wand of acid (13)
   (You found it on level 5 of the Dungeon)
 K - a wand of mindburst (14)
   (You found it on level 7 of the Dungeon)
Scrolls
 b - a scroll of teleportation
 d - a scroll of fear {unknown}
 h - 3 scrolls of amnesia {unknown}
 i - 2 scrolls of noise
 m - 3 scrolls of blinking
 n - 4 scrolls of enchant armour
 p - a scroll of acquirement {unknown}
 r - a scroll of fog {unknown}
 t - a scroll of vulnerability {unknown}
 A - a scroll of enchant weapon {unknown}
 D - a scroll of brand weapon {unknown}
 H - a scroll of immolation {unknown}
Potions
 e - 4 potions of heal wounds
 j - a potion of haste {unknown}
 l - 2 potions of ambrosia {unknown}
 o - a potion of cancellation
 q - a potion of invisibility
 u - 2 potions of lignification {unknown}
 v - 2 potions of attraction {unknown}
 x - 2 potions of berserk rage {unknown}
 C - a potion of magic {unknown}
 E - 2 potions of curing {unknown}
 F - a potion of might {unknown}
 J - a potion of mutation {unknown}


   Skills:
 - Level 3.0 Dodging
 - Level 2.0 Stealth
 * Level 2.5 Shields
 + Level 7.3 Spellcasting
 - Level 9.0 Conjurations
 * Level 8.3 Necromancy
 + Level 3.9 Earth Magic


You had 16 spell levels left.
You knew the following spells:

 Your Spells              Type           Power      Damage    Failure   Level
a - Magic Dart            Conj           100%       1d8       1%          1
b - Searing Ray           Conj           98%        3d7       1%          2
c - Dispel Undead         Necr           46%        3d18      2%          4

Your spell library contained the following spells:

 Spells                   Type           Power      Damage    Failure   Level
 Freeze                   Ice            32%        1d5       9%          1
 Dazzling Flash           Conj/Hex       58%        N/A       4%          3
 Agony                    Necr           46%        N/A       8%          5
 Excruciating Wounds      Necr           23%        N/A       8%          5
 Fulminant Prism          Conj/Hex       14%        3d9       14%         4
 Iskenderun's Mystic Bla  Conj/Tloc      29%        2d7       14%         4
 Borgnjor's Vile Clutch   Necr/Erth      18%        N/A       21%         5
 Lesser Beckoning         Tloc           4%         N/A       26%         3
 Portal Projectile        Hex/Tloc       16%        N/A       26%         3
 Blade Hands              Tmut           4%         N/A       94%         5
 Silence                  Hex/Air        4%         N/A       94%         5
 Malign Gateway           Summ/Tloc      4%         N/A       100%        7


Dungeon Overview and Level Annotations

Branches:
Dungeon (8/15)             Temple (1/1) D:6           Sewer (visited)
   Lair: D:8-11

Altars:
Elyvilon
Gozag
Makhleb
Nemelex Xobeh
Okawaru
Qazlal
Trog
Uskayaw
Vehumet
Wu Jian
Xom
Zin

Shops:
D:7 ?   D:8 *

Annotations:
D:4 3 runed translucent doors, thescarp's ghost, amateur GrEE
D:6 1 runed translucent door, Hypnoxylon's ghost, novice FoAK
D:7 exclusion: obsidian statue
D:8 Joseph; Maurice


Innate Abilities, Weirdness & Mutations

You have a beak for a mouth.
You have claws for feet.
Your magical nature lets you fly swiftly and evasively.


Message History

The lemure is lightly wounded.
The lemure hits you but does no damage. The lemure closely misses you.
You barely miss the lemure. You claw the lemure.
The lemure is lightly wounded.
You block the lemure's attack. The lemure barely misses you.
You hit the lemure.
The lemure is poisoned.
You claw the lemure. You peck the lemure.
The lemure is moderately wounded.
The lemure misses you. The lemure closely misses you.
You hit the lemure but do no damage.
The lemure looks as sick as possible!
Your kick misses the lemure.
The lemure is moderately wounded.
The lemure completely misses you. The lemure closely misses you.
You barely miss the lemure.
The lemure is heavily wounded.
The lemure hits you but does no damage. The lemure closely misses you.
You kill the lemure!
That felt strangely unrewarding.
You kill the lemure!
That felt strangely unrewarding.
You start resting.
HP restored.
Found 14 gold pieces.
You now have 455 gold pieces (gained 14).
A centaur comes into view.
The centaur shouts!
You hear a shout!
The centaur wields a +0 shortbow.
The centaur shoots an arrow.
You block the arrow.
Maurice the Thief comes into view.
He is wielding a +0 dagger, wearing a +2 cloak of poison resistance and carrying a wand of acid (9).
Casting: Searing Ray (safe; 1% risk of failure)
Confirm with . or Enter, or press ? or * to list all spells.
Aiming: Searing Ray (safe; 1% risk of failure)
Press: ? - help, Shift-Dir - straight line, f - centaur
Aim: a centaur, wielding a +0 shortbow and quivering arrows (90% to hit)
The searing ray hits the centaur!
The centaur is heavily wounded. (Press . to maintain the ray.)
The centaur shoots an arrow.
The arrow hits you!
The centaur shoots an arrow.
The arrow barely misses you.
Maurice drinks a potion.
Maurice flickers and vanishes!
Deactivating autopickup; reactivate with Ctrl-A.
The searing ray hits the centaur!
You kill the centaur!
Vehumet accepts your kill.
You have reached level 10!
Unknown command.
Okay, then.
Okay, then.
Aiming: Mindburst
Press: ? - help, Shift-Dir - straight line Nothing appears to happen.
There is a stone staircase leading up here.
Casting: Searing Ray (safe; 1% risk of failure)
Confirm with . or Enter, or press ? or * to list all spells.
You can't see any susceptible monsters within range! (Use Z to cast anyway.)
There is a stone staircase leading up here.
Casting: Searing Ray (safe; 1% risk of failure)
Confirm with . or Enter, or press ? or * to list all spells.
Aiming: Searing Ray (safe; 1% risk of failure)
Press: ? - help, Shift-Dir - straight line (Press . to maintain the ray.)
You finish channeling your searing ray.
Casting: Searing Ray (safe; 1% risk of failure)
Confirm with . or Enter, or press ? or * to list all spells.
Aiming: Searing Ray (safe; 1% risk of failure)
Press: ? - help, Shift-Dir - straight line (Press . to maintain the ray.)
The searing ray hits something!
You finish channeling your searing ray.
Casting: Searing Ray (safe; 1% risk of failure)
Confirm with . or Enter, or press ? or * to list all spells.
Aiming: Searing Ray (safe; 1% risk of failure)
Press: ? - help, Shift-Dir - straight line The searing ray hits something! (Press . to maintain the ray.)
The searing ray hits something!
Maurice appears from thin air!
Reactivating autopickup.
Maurice zaps a wand.
The bolt of acid hits you! The acid corrodes you!
You are splashed with acid!
The searing ray misses Maurice.
Maurice mumbles some strange words.
Maurice flickers and vanishes!
Deactivating autopickup; reactivate with Ctrl-A.
The searing ray hits something!
You finish channeling your searing ray.
Something hits you!
* * * LOW HITPOINT WARNING * * *
Something steals 2 of your 3 potions of cancellation!
Casting: Searing Ray (safe; 1% risk of failure)
Confirm with . or Enter, or press ? or * to list all spells.
Aiming: Searing Ray (safe; 1% risk of failure)
Press: ? - help, Shift-Dir - straight line The searing ray hits something! (Press . to maintain the ray.)
You hear a zap.
A bolt of acid appears from out of thin air!
The bolt of acid hits you!!
Ouch! That really hurt!
You die...

............##...###.........
...........###......##........
####....#..###.....###........
#...#..#........## #..........@
##...##.....####..###...........
##.....#...###
#....#............ ...........#
#.###............. #.##....#..#
##{# ##............ #......###.#
#.@# #............ #.....##
#..###.## ##........... #....##
##.##..## #........... #....#
#......## ##........... #..#.#
#.####..###............ .#####
.. ###...####........ ## ##
###.### ##.##.### # #...##
##.##.## # ####.# #.####>#


There were no monsters in sight!

Vanquished Creatures
  Prince Ribbit (D:6)
  Grinder (D:6)
  Menkaure (D:6)
  A water moccasin (D:8)
  Duvessa (D:7)
  An orc warrior (D:7)
  An ice beast (D:7)
  2 necrophages
  A sky beast (D:5)
  An ogre (D:5)
  A centaur (D:8)
  3 phantoms
  2 lemures (D:8)
  2 bullfrogs
  A gnoll sergeant (D:7)
  Dowan (D:7)
  3 scorpions
  5 wights (D:6)
  An electric eel (D:7)
  2 centaur zombies
  2 bullfrog zombies
  2 gnoll shamans
  3 orc priests
  6 iguanas
  7 orc wizards
  A hound zombie (D:5)
  18 gnolls
  14 adders
  4 river rats
  2 shadow imps
  A white imp (D:5)
  A worm (D:2)
  3 dart slugs
  18 orcs
  12 ball pythons
  10 endoplasms
  6 giant cockroaches
  6 goblins
  4 hobgoblins
  8 jackals
  A quokka (D:4)
  4 bats
  7 frilled lizards
  4 kobolds
  14 rats
190 creatures vanquished.

Vanquished Creatures (others)
  A fungus (D:4)
  2 plants (D:4)
3 creatures vanquished.

Grand Total: 193 creatures vanquished

Notes
Turn   | Place    | Note
-------+----------+-------------------------------------------
     0 | D:1      | fiver49 the Tengu Conjurer began the quest for the Orb.
     0 | D:1      | Reached XP level 1. HP: 10/10 MP: 4/4
   293 | D:1      | Found a faded altar of an unknown god.
   317 | D:1      | Reached XP level 2. HP: 15/15 MP: 4/6
  1056 | D:2      | Reached XP level 3. HP: 19/19 MP: 2/7
  1557 | D:2      | Reached skill level 3 in Dodging
  1592 | D:2      | Learned a level 2 spell: Searing Ray
  1671 | D:2      | Reached skill level 6 in Conjurations
  1939 | D:3      | Found a bloodstained altar of Trog.
  1961 | D:3      | Reached XP level 4. HP: 24/24 MP: 5/9
  2021 | D:3      | Reached skill level 3 in Spellcasting
  2478 | D:3      | Found a glowing drain.
  2483 | Sewer    | Entered a sewer
  2588 | Sewer    | Gained mutation: Your magical nature lets you fly swiftly
                  | and evasively. [Tengu growth]
  2588 | Sewer    | Reached XP level 5. HP: 28/28 MP: 7/10
  3101 | Sewer    | Reached skill level 7 in Conjurations
  3633 | D:4      | Reached skill level 4 in Spellcasting
  3633 | D:4      | Reached XP level 6. HP: 29/32 MP: 3/13
  3779 | D:4      | Found a runed translucent gate.
  3782 | D:4      | Found a runed translucent gate.
  3782 | D:4      | Found a runed translucent gate.
  3785 | D:4      | Noticed thescarp's ghost (amateur GrEE)
  3896 | D:4      | Found a hide-covered altar of Uskayaw.
  3928 | D:4      | Reached skill level 8 in Conjurations
  4427 | D:4      | Reached XP level 7. HP: 36/36 MP: 12/15
  5318 | D:5      | Entered Level 5 of the Dungeon
  5324 | D:5      | Reached skill level 5 in Spellcasting
  5469 | D:5      | Reached skill level 9 in Conjurations
  5547 | D:5      | Got the Collected Works on the Doomed Compass
  5573 | D:5      | Reached skill level 1 in Necromancy
  5638 | D:5      | Reached skill level 2 in Necromancy
  5718 | D:5      | Reached skill level 1 in Earth Magic
  5718 | D:5      | Reached XP level 8. HP: 41/41 MP: 9/17
  6041 | D:5      | Reached skill level 3 in Necromancy
  6706 | D:6      | Reached skill level 6 in Spellcasting
  6706 | D:6      | Reached skill level 4 in Necromancy
  6744 | D:6      | Reached skill level 2 in Earth Magic
  7007 | D:6      | Found a staircase to the Ecumenical Temple.
  7015 | Temple   | Entered the Ecumenical Temple
  7042 | Temple   | Became a worshipper of Vehumet
  7088 | D:6      | Noticed Menkaure
  7247 | D:6      | Noticed Prince Ribbit
  7360 | D:6      | Noticed Grinder
  7364 | D:6      | Paralysed by Grinder for 3 turns
  7370 | D:6      | Killed Grinder
  7371 | D:6      | Reached skill level 5 in Necromancy
  7585 | D:6      | Killed Menkaure
  7586 | D:6      | Reached XP level 9. HP: 29/45 MP: 14/19
  7786 | D:6      | Reached skill level 6 in Necromancy
  8104 | D:6      | Learned a level 4 spell: Dispel Undead
  8148 | D:6      | HP: 11/45 [acid (9)]
  8149 | D:6      | Reached skill level 3 in Earth Magic
  8254 | D:6      | Found a runed translucent door.
  8531 | D:6      | Noticed Hypnoxylon's ghost (novice FoAK)
  8981 | D:7      | Found Imiehacvi's Magic Scroll Emporium.
  9185 | D:7      | Noticed an obsidian statue
  9294 | D:7      | Reached skill level 7 in Necromancy
  9330 | D:7      | Noticed Duvessa
  9336 | D:7      | Noticed Dowan
  9337 | D:7      | Killed Duvessa
  9399 | D:7      | Killed Dowan
  9400 | D:7      | Reached skill level 7 in Spellcasting
  9730 | D:7      | Reached skill level 1 in Shields
 10134 | D:6      | Killed Prince Ribbit
 10135 | D:6      | Reached skill level 8 in Necromancy
 10269 | D:8      | Noticed Joseph
 10375 | D:8      | Reached * piety under Vehumet
 10375 | D:8      | Offered knowledge of Freeze by Vehumet.
 10376 | D:8      | Reached skill level 2 in Shields
 10521 | D:8      | Found Tocuheo's Changing Room.
 10659 | D:8      | Noticed Maurice
 10662 | D:8      | Reached XP level 10. HP: 40/50 MP: 17/22
 10705 | D:8      | HP: 11/50 [something (7)]
 10706 | D:8      | Killed from afar by Maurice

Illustrated notes

Levels and vault maps discovered:
D:1:      matt_arrival_diagonals, layout_basic,
          shapermc_ecumenical_altar_mp_vishouse
D:2:      layout_rooms, serial_glass, glass_columns_b, glass_columns_a,
          minmay_strange_pillars, item_on_display_a, mrwooster_statue_mirror
D:3:      layout_rooms, mainiacjoe_overflow_catwalk, portal_sewer_entry_e,
          minmay_misc_feat_x, chequers_serial_rivers_room_b
D:4:      layout_basic, eat_drink_and_be_merry_uskayaw,
          gammafunk_ghost_nasty_kobolds, minmay_snake_closets
D:5:      layout_cave_pools
D:6:      layout_cave_pods, minmay_temple_entry_arrows, ebering_ghost_sewer_d,
          uniq_menkaure, uniq_prince_ribbit1, uniq_grinder
D:7:      statuecave_lemuel, layout_loops_cross, serial_shops,
          nicolae_shop_statue_plus, uniq_duvessa
D:8:      layout_layer_cave, nicolae_transmutations_shop, kennysheep_cross_room,
          uniq_maurice, uniq_joseph, uniq_pikel
Temple:   nicolae_temple_elliptical

Skill      XL: |  1  2  3  4  5  6  7  8  9 |
---------------+----------------------------+-----
Dodging        | 3 |  3.0
Conjurations   | 6 7 8 9 |  9.0
Spellcasting   | 3 4 5 6 7 |  7.3
Necromancy     | 2 5 8 |  8.3
Earth Magic    | 1 2 3 |  3.9
Shields        | 2 |  2.5
Stealth        | |  2.0

Action                   |  1- 3 |  4- 6 |  7- 9 | 10-12 || total
-------------------------+-------+-------+-------+-------++-------
Melee: Unarmed           |     7 |       |       |       ||     7
       Peck              |     1 |     1 |     3 |       ||     5
       Kick              |     1 |       |    12 |       ||    13
       Dagger            |     2 |       |    33 |       ||    35
       Staff             |       |     7 |       |       ||     7
 Cast: Magic Dart        |    60 |    64 |    67 |       ||   191
       Searing Ray       |     2 |    24 |    79 |     4 ||   109
Evoke: Wand              |       |       |       |     1 ||     1
  Use: Scroll            |       |     4 |     3 |       ||     7
       Potion            |       |       |     1 |       ||     1
 Stab: Sleeping          |     1 |       |     1 |       ||     2
Armor: Robe              |     3 |     5 |     6 |       ||    14
Dodge: Dodged            |    12 |    28 |    61 |       ||   101
Block: Buckler           |       |       |     4 |       ||     4

Table legend: (Time is in decaauts)
 A = Elapsed time spent in this place.
 B = Non-inter-level travel time spent in this place.
 C = Inter-level travel time spent in this place.
 D = Time resting spent in this place.
 E = Time spent auto-exploring this place.
 F = Levels seen in this place.
 G = Mean time per level.
                   A        B        C        D        E       F      G
               +--------+--------+--------+--------+--------+-----+--------+
         Total |  10316 |   9835 |    481 |    922 |   7587 |  10 | 1031.6 |
       Dungeon |   9593 |   9132 |    461 |    922 |   6975 |   8 | 1199.1 |
        Temple |     46 |     27 |     19 |      0 |      0 |   1 |   46.0 |
         Sewer |    677 |    677 |      0 |      0 |    611 |   1 |  677.0 |
               +--------+--------+--------+--------+--------+-----+--------+

Top non-repeatable levels by time:
     D:6: 2000 daAuts
     D:4: 1679 daAuts
     D:5: 1312 daAuts
     D:7: 1166 daAuts
     D:2: 1100 daAuts
     D:3: 973 daAuts
     D:1: 923 daAuts
   Sewer: 677 daAuts
     D:8: 438 daAuts
  Temple: 46 daAuts

Table legend:
 A = Kills in this place as a percentage of kills in entire the game.
 B = Kills by you in this place as a percentage of kills by you in the entire game.
 C = Kills by friends in this place as a percentage of kills by friends in the entire game.
 D = Other kills in this place as a percentage of other kills in the entire game.
 E = Experience gained in this place as a percentage of experience gained in the entire game.
 F = Experience gained in this place divided by the number of levels of this place that you have seen.
                   A       B       C       D       E      F
               +-------+-------+-------+-------+-------+----------------------
         Total | 100.0 | 100.0 |   N/A |   N/A | 100.0 | 471.9
       Dungeon |  90.4 |  90.4 |   N/A |   N/A |  98.3 | 579.9
         Sewer |   9.6 |   9.6 |   N/A |   N/A |   1.7 |  80.0
               +-------+-------+-------+-------+-------+----------------------
